AoeStats
← TheQuietRiot

Arabia

507853929Analyzed
1v1 RM · 12d ago on Sep 19, 2026· 50m 13s· 2 players
Game mode
Random Map
Map size
Tiny (2 player)
Population
200
Speed
Normal
Resources
Standard
Victory
Conquest
Starting age
Dark Age
Ending age
Imperial Age
RankedLock teamsTeams togetherTeam positionsShared explorationLock speedFull tech treeHidden civsTurbo modeCheats
Victory
Defeat
🇬🇧 Teutons · United Kingdom
1002
+15
🇪🇸 Mapuche · Spain
980
-15
Lucuman
7:55 Loom
10:47 Feudal Age
14:56 Castle Age
14:26 Double-Bit Axe
14:22 Horse Collar
26:58 Wheelbarrow
26:10 Town Watch
29:58 Scale Mail Armor
35:02 Pikeman
36:25 Bow Saw
36:08 Gold Mining
37:08 Heavy Plow
38:54 Fervor
43:34 Imperial Age
43:26 Gold Shaft Mining
43:25 Forging
43:06 Fletching
43:34 Chain Mail Armor
45:11 Champi Runner
45:37 Arson
46:07 Champi Warrior
48:14 Conscription
49:06 Malon
TheQuietRiot
10:56 Feudal Age
9:12 Loom
11:24 Double-Bit Axe
11:21 Horse Collar
17:34 Castle Age
16:29 Forging
16:16 Gold Mining
16:19 Stone Mining
17:52 Bloodlines
18:20 Heavy Plow
18:54 Pikeman
26:48 Wheelbarrow
27:36 Bow Saw
30:36 Squires
33:58 Hand Cart
35:15 Iron Casting
34:42 Scale Mail Armor
36:10 Town Watch
39:11 Ironclad
41:48 Imperial Age
39:34 Fletching
39:48 Padded Archer Armor
40:03 Chain Mail Armor
40:14 Ironclad
42:32 Scale Barding Armor
42:44 Leather Archer Armor
43:32 Blast Furnace
43:08 Conscription
44:14 Chemistry
43:35 Ballistics
42:54 Halberdier
43:20 Gambesons
43:44 Capped Ram
45:42 Hoardings
47:48 Two-Man Saw
47:24 Stone Shaft Mining
47:41 Plate Mail Armor
47:30 Leather Archer Armor
47:38 Siege Engineers
48:22 Hoardings
48:11 Elite Teutonic Knight
49:43 Town Patrol
50:28 Ring Archer Armor
Connection lost

Rejoining the realm…

Still unreachable

The connection could not be restored.

Session expired

The server has moved on; the page needs a fresh start.